 Dungeon Crawl Stone Soup version 0.21.1-1-g345015fe64 (webtiles) character file.

326 HooM the Shield-Bearer (level 6, -2/53 HPs)
             Began as a Minotaur Fighter on Mar 15, 2018.
             Killed by nerve-wracking pain
             ... invoked by an orc priest
              (12 damage)
             ... on level 4 of the Dungeon.
             The game lasted 00:11:44 (2744 turns).

HooM the Shield-Bearer (Minotaur Fighter)           Turns: 2744, Time: 00:11:44

Health: -2/53      AC: 13    Str: 20    XL:     6   Next: 24%
Magic:  5/5        EV:  4    Int:  5    God:
Gold:   125        SH: 10    Dex: 12    Spells: 5/5 levels left

rFire    . . .     SeeInvis .   a - +0 war axe
rCold    . . .     Gourm    .   c - +0 shield
rNeg     . . .     Faith    .   l - +0 plate armour
rPois    .         Spirit   .   (helmet restricted)
rElec    .         Reflect  .   h - +0 cloak
rCorr    .         Harm     .   (no gloves)
MR       .....                  (no boots)
Stlth    ..........             (no amulet)
HPRegen  0.17/turn              (no ring)
MPRegen  0.09/turn              (no ring)

@: no status effects
A: retaliatory headbutt, horns 2
a: no special abilities


You were on level 4 of the Dungeon.
You were not hungry.

You visited 1 branch of the dungeon, and saw 4 of its levels.

You collected 229 gold pieces.
You spent 104 gold pieces at shops.

Inventory:

Hand Weapons
 a - a +0 war axe (weapon)
Armour
 c - a +0 shield (worn)
 h - a +0 cloak (worn)
 l - a +0 plate armour (worn)
Scrolls
 b - a scroll of magic mapping
 e - 4 scrolls of teleportation
 i - 2 scrolls of noise
 k - a scroll of amnesia
 n - a scroll of immolation
 p - a scroll of remove curse
 s - 2 scrolls of enchant armour
Potions
 d - 2 potions of might
 g - a potion of degeneration
 j - 2 potions of flight {unknown}
 m - a potion of brilliance {unknown}
 q - a potion of heal wounds {unknown}
 r - a potion of berserk rage {unknown}
Comestibles
 f - 8 rations


   Skills:
 * Level 4.6 Fighting
 * Level 4.9 Axes
 * Level 4.7 Armour
 * Level 1.7 Dodging
 * Level 1.3 Stealth
 * Level 5.0 Shields


You had 5 spell levels left.
You didn't know any spells.

Dungeon Overview and Level Annotations

Branches:
Dungeon (4/15)
 Temple: D:4-7

Altars:
Nemelex Xobeh

Shops:
D:4 ?


Innate Abilities, Weirdness & Mutations

You reflexively headbutt those who attack you in melee.
You have a pair of horns on your head.


Message History

You kill the orc!
The orc priest looks braver for a moment.
The orc throws a tomahawk.
The tomahawk hits you but does no damage.
The orc barely misses you.
Items here: ) ? [ † a dagger; a ring mail; a scroll of remove curse; an orc corpse You completely miss the orc.
The orc is severely wounded.
The orc priest looks satisfied for a moment.
The orc barely misses you. You furiously retaliate!
You headbutt the orc.
You kill the orc!
The orc priest barely misses you.
Things that are here:
a tomahawk; a leather armour You closely miss the orc priest.
The orc priest hits you but does no damage.
The orc priest calls down the wrath of Beogh upon you.
Pain shoots through your body!
You die...

... .. .. ###. ... #.### #######
#..(# . ......# ###o# .## #####.#
#@# ..# #.# #)# #.# #####<# #(#
#.# ......##########.## #(#
####.^............# #.#
..........######..# #.###
##..........###...###########....
###.....###.##.....)..........###
####....# #.###...##########.## #


You could see an orc priest.

Vanquished Creatures
  A hound (D:2)
  A bullfrog skeleton (D:4)
  An orc priest (D:4)
  4 orc wizards (D:4)
  2 adders (D:2)
  2 oozes
  3 worms (D:2)
  2 dart slugs
  A leopard gecko (D:1)
  12 orcs
  2 giant cockroaches
  16 goblins
  6 hobgoblins
  6 jackals
  2 quokkas (D:2)
  7 bats
  5 frilled lizards
  11 kobolds
  6 rats
90 creatures vanquished.

Notes
Turn   | Place    | Note
-------+----------+-------------------------------------------
     0 | D:1      | HooM the Minotaur Fighter began the quest for the Orb.
     0 | D:1      | Reached XP level 1. HP: 19/19 MP: 0/0
   248 | D:1      | Reached XP level 2. HP: 23/27 MP: 1/1
   466 | D:1      | Reached skill level 4 in Shields
   728 | D:1      | Reached XP level 3. HP: 31/33 MP: 2/2
  1054 | D:2      | Found a sparkling altar of Nemelex Xobeh.
  1154 | D:2      | Reached skill level 1 in Dodging
  1154 | D:2      | Reached XP level 4. HP: 40/40 MP: 3/3
  2102 | D:3      | Reached XP level 5. HP: 47/47 MP: 4/4
  2379 | D:4      | Found Puhiduy's Magic Scroll Emporium.
  2385 | D:4      | Bought a scroll of identify for 22 gold pieces
  2385 | D:4      | Bought a scroll of enchant armour for 82 gold pieces
  2488 | D:4      | Reached skill level 1 in Stealth
  2539 | D:4      | Reached XP level 6. HP: 37/53 MP: 5/5
  2732 | D:4      | Reached skill level 5 in Shields
  2744 | D:4      | Killed from afar by an orc priest

Skill      XL: |  1  2  3  4  5  6 |
---------------+-------------------+-----
Shields        | 4 5 |  5.0
Fighting       | 4 |  4.6
Armour         | 4 |  4.7
Axes           | 3 4 |  4.9
Dodging        | 1 |  1.7
Stealth        | 1 |  1.3

Action                   |  1- 3 |  4- 6 || total
-------------------------+-------+-------++-------
Melee: War axe           |   116 |   125 ||   241
       Headbutt          |    15 |    22 ||    37
  Use: Scroll            |     3 |     9 ||    12
  Eat: Chunk             |     1 |     5 ||     6
Armor: Scale mail        |    64 |       ||    64
       Plate armour      |       |    85 ||    85
Dodge: Dodged            |    30 |    27 ||    57
Block: Shield            |    73 |    70 ||   143
